 Dungeon Crawl Stone Soup version 0.24-a0-307-gf989941 (webtiles) character file.

Game seed: 14691205157134929127

5 mhoghedin the Insei (level 1, -1/15 HPs)
             Began as a Demigod Transmuter on May 13, 2019.
             Slain by a rat (2 damage)
             ... on level 1 of the Dungeon.
             The game lasted 00:00:35 (199 turns).

mhoghedin the Insei (Demigod Transmuter)             Turns: 199, Time: 00:00:35

Health: -1/15      AC:  2    Str: 13    XL:     1   Next: 53%
Magic:  4/5        EV: 12    Int: 17    God:
Gold:   9          SH:  0    Dex: 16    Spells: 2/3 levels left

rFire    . . .     SeeInvis .     - Unarmed
rCold    . . .     Gourm    .   (no shield)
rNeg     . . .     Faith    .   b - +0 robe
rPois    .         Spirit   .   (no helmet)
rElec    .         Reflect  .   (no cloak)
rCorr    .         Harm     .   (no gloves)
MR       .....                  (boots currently unavailable)
Stlth    +.........             (no amulet)
HPRegen  0.05/turn              (no ring)
MPRegen  0.09/turn              (no ring)

@: appendage
A: talons 3, high mp 1
a: End Transformation


You were on level 1 of the Dungeon.
You were not hungry.
You had grown temporary talons.
You visited 1 branch of the dungeon, and saw 1 of its levels.

You collected 9 gold pieces.

Inventory:

Missiles
 a - 12 arrows
Armour
 b - a +0 robe (worn)
Scrolls
 c - a scroll of fear {unknown}
 e - a scroll of enchant weapon {unknown}
Comestibles
 d - 2 rations


   Skills:
 - Level 0.8 Fighting
 - Level 1.7 Dodging
 - Level 2.6 Unarmed Combat
 - Level 1.7 Spellcasting
 + Level 2.2 Transmutations


You had 2 spell levels left.
You knew the following spells:

 Your Spells              Type           Power        Failure   Level  Hunger
a - Beastly Appendage     Tmut           #.....       8%          1    #......

Your spell library contained the following spells:

 Spells                   Type           Power        Failure   Level  Hunger
 Sticks to Snakes         Tmut           #.......     12%         2    ###....
 Spider Form              Tmut/Pois      #.........   36%         3    ###....
 Ice Form                 Ice/Tmut       #.......     77%         4    #####..
 Blade Hands              Tmut           #.........   91%         5    ######.


Dungeon Overview and Level Annotations

Branches:
Dungeon (1/15)


Innate Abilities, Weirdness & Mutations

You have an increased reservoir of magic. (+10% MP)
You have claws for feet.


Message History

No target in view!
Your transformation is almost over.
A hobgoblin comes into view.
The hobgoblin shouts!
A hobgoblin is nearby!
You extend your transformation's duration.
You closely miss the hobgoblin. Your headbutt misses the hobgoblin.
The hobgoblin hits you.
You take 4 damage, and have 11/15 hp.
MASSIVE DAMAGE!!
You hit the hobgoblin but do no damage.
The hobgoblin hits you but does no damage.
You completely miss the hobgoblin. The hobgoblin closely misses you.
You hit the hobgoblin.
Your transformation is almost over.
The hobgoblin hits you.
You take 1 damage, and have 11/15 hp.
You hit the hobgoblin.
You kill the hobgoblin!
Your Transmutations skill increases to level 2!
No target in view!
You start resting.
Your horns disappear.
MP restored: 5 You start resting.
d - 2 rations (gained 1)
You now have 9 gold pieces.
e - a scroll labeled HAL VAZITAR Health restored: 15 You open the door.
There is an open door here.
You open the door.
A goblin comes into view.
You miscast Beastly Appendage.
You are very lightly contaminated with residual magic.
Your skin glows momentarily.
You now have 4/5 mp.
You miscast Beastly Appendage.
Nothing appears to happen.
You now have 3/5 mp.
Your feet morph into talons.
The goblin shouts!
You now have 2/5 mp.
A frilled lizard comes into view.
Your transformation is almost over.
There is an open door here.
You barely miss the goblin. Your kick misses the goblin. The goblin misses you.
You hit the frilled lizard.
You kill the frilled lizard!
The goblin closely misses you.
You closely miss the goblin. You claw the goblin.
You kill the goblin!
No target in view!
You start resting.
Your talons disappear.
You open the door.
A hobgoblin and a kobold come into view.
MP restored: 5
There are monsters nearby!
Your feet morph into talons.
You now have 4/5 mp.
A rat and a hobgoblin come into view.
The hobgoblin shouts!
A kobold comes into view. It is wielding a +0 whip.
There is an open door here.
The kobold shouts!
The hobgoblin shouts!
The hobgoblin hits you but does no damage.
The hobgoblin misses you.
You closely miss the hobgoblin.
The kobold shouts!
The kobold barely misses you. The hobgoblin barely misses you.
The hobgoblin hits you.
You take 3 damage, and have 12/15 hp.
You hit the hobgoblin. You claw the hobgoblin. The kobold misses you.
The hobgoblin hits you.
The hobgoblin hits you but does no damage.
A kobold opens the door.
You take 5 damage, and have 7/15 hp.
MASSIVE DAMAGE!!
Your magical contamination has completely faded away.
Your transformation is almost over.
There is an open door here.
MP restored: 5 You extend your transformation's duration.
The hobgoblin barely misses you.
You now have 4/5 mp.
You hit the hobgoblin.
You claw the hobgoblin, but do no damage.
The hobgoblin hits you.
* * * LOW HITPOINT WARNING * * *
You take 4 damage, and have 3/15 hp.
MASSIVE DAMAGE!!
You hit the hobgoblin but do no damage. The hobgoblin misses you.
You hit the hobgoblin.
You kill the hobgoblin!
You barely miss the rat. The rat bites you.
* * * LOW HITPOINT WARNING * * *
You take 2 damage, and have 1/15 hp.
You barely miss the rat. Your kick misses the rat. The rat bites you.
You die...

#.....# #..##
#.....# #....
##...## #.#..
#...# #.#♣.
#...######.#♣.
#####...#......#♣.
#.....†.'......#♣.
#.#######......#♣.
#@#. .########♣.
#r#.###'##### ♣.
#K#.........# ♣<
#g##gK......# ♣.
#K.'K.......# ♣.
####r.......# ♣.
#........# ♣.
#........# ♣.
#........# ♣.


You could see a hobgoblin, 2 kobolds and a rat.

Vanquished Creatures
  A goblin (D:1)
  2 hobgoblins (D:1)
  2 frilled lizards (D:1)
5 creatures vanquished.

Notes
Turn   | Place    | Note
-------+----------+-------------------------------------------
     0 | D:1      | mhoghedin the Demigod Transmuter began the quest for the
                  | Orb.
     0 | D:1      | Reached XP level 1. HP: 15/15 MP: 5/5
    22 | D:1      | Reached skill level 2 in Transmutations
   195 | D:1      | HP: 3/15 [hobgoblin (4)]
   198 | D:1      | HP: 1/15 [rat (2)]
   199 | D:1      | Slain by a rat

Levels and vault maps discovered:
D:1:      eino_arrival_tree_alley, layout_basic, columned_hall_lemuel

Skill      XL: |  1 |
---------------+----+-----
Transmutations | 2 |  2.2
Fighting       | |  0.8
Dodging        | |  1.7
Unarmed Combat | |  2.6
Spellcasting   | |  1.7

Action                   || total
-------------------------++-------
Melee: Unarmed           ||    17
       Kick              ||     3
 Cast: Beastly Appendage ||     5
Armor: Robe              ||     1
Dodge: Dodged            ||    11

Table legend:
 A = Non-vault XP
 B = Vault XP
 C = Vault XP percentage of total XP
 D = Non-vault monster count
 E = Vault monster count
 F = Vault count percentage of total count
                 A         B        C        D         E       F
            +---------+---------+-------+---------+---------+-------
      Total |       8 |       0 |   0.0 |       5 |       0 |   0.0
            +---------+---------+-------+---------+---------+-------
        D:1 |       8 |       0 |   0.0 |       5 |       0 |   0.0
            +---------+---------+-------+---------+---------+-------

Levels and vault maps discovered:
D:1:      eino_arrival_tree_alley, layout_basic, columned_hall_lemuel

Table legend:
 A = Turns spent in this place as a percentage of turns spent in the entire game.
 B = Non-inter-level travel turns spent in this place as a percentage of non-inter-level travel turns spent in the entire game.
 C = Inter-level travel turns spent in this place as a percentage of turns spent in this place.
 D = Turns resting spent in this place as a percentage of non-inter-level travel turns spent in this place.
 E = Turns spent auto-exploring this place as a percentage of non-inter-level travel turns spent in this place.
 F = Non-inter-level travel turns spent in this place divided by the number of levels of this place that you've seen.
                   A       B       C       D       E      F
               +-------+-------+-------+-------+-------+----------------------
         Total | 100.0 | 100.0 |   0.0 |  42.7 |  34.2 | 199.0
       Dungeon | 100.0 | 100.0 |   0.0 |  42.7 |  34.2 | 199.0
               +-------+-------+-------+-------+-------+----------------------

Table legend:
 A = Kills in this place as a percentage of kills in entire the game.
 B = Kills by you in this place as a percentage of kills by you in the entire game.
 C = Kills by friends in this place as a percentage of kills by friends in the entire game.
 D = Other kills in this place as a percentage of other kills in the entire game.
 E = Experience gained in this place as a percentage of experience gained in the entire game.
 F = Experience gained in this place divided by the number of levels of this place that you have seen.
                   A       B       C       D       E      F
               +-------+-------+-------+-------+-------+----------------------
         Total | 100.0 | 100.0 |   N/A |   N/A | 100.0 |   8.0
       Dungeon | 100.0 | 100.0 |   N/A |   N/A | 100.0 |   8.0
               +-------+-------+-------+-------+-------+----------------------
